 Dungeon Crawl Stone Soup version 0.26.1-2-gb8aa6d0cf2 (webtiles) character file.

Game seed: 18328865261427796300

114 Amaterasu the Skirmisher (level 4, 0/37 HPs)
             Began as a Demonspawn Fighter on Feb 16, 2021.
             Was an Initiate of Makhleb.
             Killed by divine providence
             ... invoked by an orc priest
              (13 damage)
             ... on level 3 of the Dungeon.
             The game lasted 00:03:00 (1903 turns).

Amaterasu the Skirmisher (Demonspawn Fighter)       Turns: 1903, Time: 00:03:00

Health: 0/37       AC:  9    Str: 17    XL:     4   Next: 67%
Magic:  4/4        EV:  6    Int:  5    God:    Makhleb [......]
Gold:   182        SH:  8    Dex: 13    Spells: 3/3 levels left

rFire    . . .     SeeInvis .   a - +0 long sword
rCold    + . .     Faith    .   c - +0 kite shield
rNeg     . . .     Spirit   .   b - +0 scale mail
rPois    .         Reflect  .   (no helmet)
rElec    .         Harm     .   (no cloak)
rCorr    .         Rampage  .   i - +0 pair of gloves
Will     .....                  (no boots)
Stlth    ..........             e - amulet of regeneration
HPRegen  0.52/turn              k - -4 ring of intelligence (curse)
MPRegen  0.09/turn              h - ring of protection from cold

@: mighty
A: molten scales 1
a: Renounce Religion


You were on level 3 of the Dungeon.
You worshipped Makhleb.
Makhleb was noncommittal.
You visited 1 branch of the dungeon, and saw 3 of its levels.

You collected 182 gold pieces.

Inventory:

Hand Weapons
 a - a +0 long sword (weapon)
Armour
 b - a +0 scale mail (worn)
 c - a +0 kite shield (worn)
 i - a +0 pair of gloves (worn)
 j - a +0 helmet
Jewellery
 e - an amulet of regeneration (around neck)
 h - a ring of protection from cold (right hand)
 k - a cursed -4 ring of intelligence (left hand)
 p - an uncursed ring of protection from cold
Scrolls
 l - 2 scrolls of teleportation
 o - a scroll of enchant weapon {unknown}
Potions
 f - 2 potions of invisibility {unknown}
 g - 2 potions of curing
 m - 2 potions of heal wounds {unknown}
 n - a potion of attraction {unknown}
 q - a potion of magic {unknown}


   Skills:
 * Level 4.0 Fighting
 * Level 3.8 Long Blades
 - Level 2.6 Armour
 - Level 2.6 Shields


You had 3 spell levels left.
You didn't know any spells.
Your spell library was empty.

Dungeon Overview and Level Annotations

Branches:
Dungeon (3/15)

Altars:
Ashenzari
Cheibriados
Dithmenos
Elyvilon
Makhleb
Ru
Sif Muna
Vehumet
Zin


Innate Abilities, Weirdness & Mutations

You are partially covered in molten scales. (AC +2)


Message History

You kill the orc!
Makhleb accepts your kill. The goblin barely misses you.
You hit the goblin.
You kill the goblin!
Makhleb accepts your kill. You block the orc's attack.
You slash the orc!
You kill the orc!
Makhleb accepts your kill.
The orc priest hits you with a +0 falchion.
You completely miss the orc priest.
The orc priest mumbles some strange prayers to Beogh against you.
Beogh smites you! The orc priest completely misses you.
You slash the orc priest!
The orc priest is severely wounded.
The orc priest hits you but does no damage.
The orc priest invokes the aid of Beogh against you.
Beogh smites you!
You die...

####.#_#_#⌠#...#.###.####......
#########...#.....##......## #.
#..........##......## #..
####......[.......... #.$.
#................... #....
#............#..##..
#.....##..o............##..
#...o.o..#o#.#######...##..
#...#..g.#@#.# #...#... #
#....#.#.# #...#.## #....#!#.#
#...#. ......#.# ..........
#....####.# +.... ..# ###


You could see 2 orc priests.

Vanquished Creatures
  2 adders
  2 oozes
  2 worms (D:3)
  4 dart slugs (D:1)
  A leopard gecko (D:1)
  3 orcs (D:3)
  A ball python (D:2)
  3 giant cockroaches
  11 goblins
  8 hobgoblins
  4 jackals (D:1)
  6 kobolds
  2 quokkas
  9 bats
  6 frilled lizards
  5 rats
69 creatures vanquished.

Notes
Turn   | Place    | Note
-------+----------+-------------------------------------------
     0 | D:1      | Amaterasu the Demonspawn Fighter began the quest for the
                  | Orb.
     0 | D:1      | Reached XP level 1. HP: 18/18 MP: 1/1
    72 | D:1      | Gained mutation: You are partially covered in molten
                  | scales. (AC +2) [demonic ancestry]
    72 | D:1      | Reached XP level 2. HP: 22/24 MP: 2/2
   521 | D:1      | Reached XP level 3. HP: 25/29 MP: 3/3
  1170 | D:2      | Found a shadowy altar of Dithmenos.
  1248 | D:2      | Found a broken altar of Ashenzari.
  1398 | D:2      | Reached XP level 4. HP: 37/37 MP: 4/4
  1516 | D:2      | Found a burning altar of Makhleb.
  1517 | D:2      | Noticed an Executioner
  1587 | D:2      | Noticed a smoke demon
  1587 | D:2      | Noticed a smoke demon
  1589 | D:2      | Became a worshipper of Makhleb the Destroyer
  1768 | D:3      | Reached skill level 4 in Fighting
  1863 | D:3      | Found a sacrificial altar of Ru.
  1864 | D:3      | Found a white marble altar of Elyvilon.
  1865 | D:3      | Found a radiant altar of Vehumet.
  1865 | D:3      | Found a snail-covered altar of Cheibriados.
  1869 | D:3      | Found a glowing silver altar of Zin.
  1872 | D:3      | Found a shimmering blue altar of Sif Muna.
  1903 | D:3      | Killed from afar by an orc priest

Illustrated notes

Levels and vault maps discovered:
D:1:      lightli_arrival_statuegarden, layout_loops_ring, minmay_pentomino_v4
D:2:      layout_rooms, nicolae_overflow_hidden_temple,
          makhleb_altar_promises_db, lemuel_round_altar,
          minmay_randomly_rotated_circles
D:3:      kb_forest_paths, layout_basic, minitemple, uniq_sigmund, uniq_ijyb

Skill      XL: |  1  2  3  4 |
---------------+-------------+-----
Long Blades    | 2 3 |  3.8
Fighting       | 4 |  4.0
Armour         | |  2.6
Shields        | |  2.6

Action                   |  1- 3 |  4- 6 || total
-------------------------+-------+-------++-------
Melee: Long sword        |   150 |    94 ||   244
  Use: Scroll            |     3 |     2 ||     5
       Potion            |       |     1 ||     1
Armor: Scale mail        |   121 |    53 ||   174
Dodge: Dodged            |    40 |    35 ||    75
Block: Kite shield       |    78 |    59 ||   137
       Rpst.: Long sword |    20 |    10 ||    30
